 Dungeon Crawl Stone Soup version 0.30-a0-585-g93115170b9 (webtiles) character file.

Game seed: 16258311642798721126

2825 jt the Chopper (level 9, 0/66 (83) HPs)
             Began as an Armataur Wanderer on Jan 1, 2023.
             Was a Priest of Okawaru.
             Slain by a wight
             ... wielding a +0 battleaxe
              (5 damage)
             ... on level 7 of the Dungeon.
             The game lasted 00:19:32 (6126 turns).

jt the Chopper (Armataur Wanderer)                  Turns: 6126, Time: 00:19:33

HP:   0/66 (83)     AC:  8    Str: 18    XL:     9   Next: 45%
MP:   10/10         EV:  9    Int: 17    God:    Okawaru [***...]
Gold: 224           SH:  0    Dex: 15    Spells: 10/10 levels left

rFire   . . .      SeeInvis +    g - +5 flail (holy)
rCold   . . .      Faith    .    (no shield)
rNeg    . . .      Spirit   .    H - +2 leather armour {rPois}
rPois   +          Reflect  .    t - +0 helmet
rElec   .          Harm     .    L - +0 cloak
rCorr   .          Roll     +    (no gloves)
Will    .....                    (no barding)
Stlth   +++                      (no amulet)
HPRegen 0.31/turn                q - ring of see invisible
MPRegen 0.12/turn                y - +6 ring of intelligence

@: heavily drained
A: large, rugged brown scales 3, deformed body, armoured tail, roll, long
tongue, awkward tongue
a: Renounce Religion, Heroism


You were on level 7 of the Dungeon.
You worshipped Okawaru.
Okawaru was most pleased with you.
You visited 1 branch of the dungeon, and saw 9 of its levels.
You also visited: Sewer.

You collected 266 gold pieces.
You spent 42 gold pieces at shops.

Inventory:

Hand Weapons
 a - a +0 war axe
 g - a +5 flail of holy wrath (weapon)
 i - a +0 trident
 j - a +0 spear
 o - a +0 sling
 w - a +2 vampiric hand axe
 D - a +2 dagger of venom
 J - a +3 trident of protection
Missiles
 b - 2 atropa-tipped darts
 c - a datura-tipped dart
 d - 9 boomerangs (quivered)
 h - 18 poisoned darts
 v - 35 stones
 z - 3 javelins
Armour
 p - a +1 ring mail of poison resistance
 t - a +0 helmet (worn)
 u - a +0 chain mail
 H - a +2 leather armour of poison resistance (worn)
 L - a +0 cloak (worn)
 M - a +0 plate armour
Jewellery
 q - a ring of see invisible (left hand)
 y - a +6 ring of intelligence (right hand)
 A - a ring of poison resistance
Wands
 k - a wand of polymorph (14)
 C - a wand of iceblast (17)
 G - a wand of paralysis (3)
Scrolls
 f - 2 scrolls of fog
 r - 2 scrolls of immolation
 s - 4 scrolls of poison
 F - 2 scrolls of amnesia
 K - a scroll of enchant armour
Potions
 e - a potion of cancellation
 l - 2 potions of attraction
 m - a potion of brilliance {unknown}
 x - 2 potions of invisibility
 E - a potion of flight {unknown}
 I - a potion of mutation {unknown}


   Skills:
 + Level 6.8 Fighting
 * Level 7.7 Axes
 - Level 2.5 Throwing
 - Level 1.2 Armour
 - Level 4.5 Stealth
 - Level 1.0 Spellcasting
 - Level 5.0 Evocations


You had 10 spell levels left.
You didn't know any spells.
Your spell library contained the following spells:

 Spells                   Type           Power      Damage    Failure   Level
 Summon Small Mammal      Summ           Unusable   N/A       N/A         1
 Call Canine Familiar     Summ           Unusable   N/A       N/A         3
 Summon Guardian Golem    Hex/Summ       Unusable   N/A       N/A         3

Dungeon Overview and Level Annotations

Branches:
Dungeon (9/15)               Lair (0/5) D:9             Orc (0/2) D:9
  Sewer (visited)
 Temple: D:4-7

Altars:
Fedhas
Okawaru
Vehumet

Shops:
D:2 (


Innate Abilities, Weirdness & Mutations

You are completely covered in rugged brown scales. (AC +3, +7% HP)
Armour fits poorly on your strangely shaped body.
You have a long armoured tail.
You roll when moving toward enemies. (Rampage)
Your long tongue fully drains potion bottles. (2x potion effects)
Your tongue gives you trouble enunciating. (1.5x scroll delay)


Message History

Items here: a +0 scimitar; a +0 robe.
The floor.
You climb upwards.
You feel like a meek peon again. The wight closely misses you.
The wight hits you with a +5 battleaxe!
You feel drained. The wight hits you with a +5 battleaxe!
The wight hits you but does no damage.
There is a stone staircase leading down here.
You barely miss the wight.
You tail-slap the wight, but do no damage.
The wight barely misses you. The wight hits you with a +0 battleaxe.
You hit the wight.
The wight convulses.
The wight is heavily damaged.
The wight hits you with a +5 battleaxe.
You feel drained. The wight hits you with a +0 battleaxe!
You feel drained.
* * * LOW HITPOINT WARNING * * *
You are too injured to fight recklessly!
You slurp down every last drop of the potion of heal wounds!
You feel much better. The wight hits you with a +5 battleaxe!
You feel drained. The wight hits you with a +0 battleaxe.
You feel drained.
You closely miss the wight. You punch the wight, but do no damage.
The wight hits you with a +5 battleaxe!
You feel drained. The wight hits you with a +0 battleaxe!
You feel drained.
You hit the wight.
The wight convulses!
The wight is almost destroyed.
The wight hits you with a +5 battleaxe!
* * * LOW HITPOINT WARNING * * *
The wight hits you with a +0 battleaxe.
* * * LOW HITPOINT WARNING * * *
You feel drained.
* * * LOW HITPOINT WARNING * * *
Okay, then.
Okay, then.
You thump the wight!
You destroy the wight!
Okawaru accepts your kill. The wight hits you with a +0 battleaxe!
* * * LOW HITPOINT WARNING * * *
You feel drained.
You die...

.# .#
###.###
#!.!..#
#.....#
#.....#
#.z...#
#@)$..#
###(###
#


You could see a wight.

Vanquished Creatures
  An elephant (D:9)
  A wyvern (D:9)
  A basilisk (D:9)
  A steam dragon (D:9)
  Edmund (D:5)
  5 orc warriors (D:9)
  An ice beast (D:5)
  2 black bears
  An ogre (D:4)
  A centaur (D:9)
  A gnoll sergeant (D:5)
  2 scorpions (D:5)
  3 wights
  A howler monkey (D:5)
  3 orc priests
  3 hounds
  Crazy Yiuf (D:5)
  Ijyb (D:3)
  2 iguanas
  A hell rat (Sewer)
  4 orc wizards
  10 gnolls
  2 adders
  3 river rats
  2 white imps
  A worm (D:2)
  46 orcs
  7 ball pythons
  3 bats
  11 endoplasms
  14 giant cockroaches
  5 goblins
  5 hobgoblins
  3 jackals (D:3)
  6 kobolds
  4 quokkas
  5 frilled lizards
  10 rats
174 creatures vanquished.

Vanquished Creatures (others)
  3 orcs (D:9)
  A rat (D:5)
  3 fungi (D:5)
  13 plants
20 creatures vanquished.

Grand Total: 194 creatures vanquished

Notes
Turn   | Place    | Note
-------+----------+-------------------------------------------
     0 | D:1      | jt the Armataur Wanderer began the quest for the Orb.
     0 | D:1      | jt set off with the following items: a +1 dagger, 2
                  | atropa-tipped darts, a datura-tipped dart, 8 boomerangs, a
                  | +0 dagger, a scroll of fog, a +0 leather armour.
     0 | D:1      | Reached XP level 1. HP: 19/19 MP: 2/2
   452 | D:1      | Reached XP level 2. HP: 26/26 MP: 3/3
  1071 | D:2      | Reached XP level 3. HP: 32/33 MP: 4/4
  1228 | D:2      | Found an iron altar of Okawaru.
  1239 | D:2      | Became a worshipper of Warmaster Okawaru
  1396 | D:2      | Found Qenaesit's Weapon Boutique.
  1411 | D:2      | Bought a +0 war axe for 42 gold pieces
  1765 | D:3      | Noticed Ijyb
  1765 | D:3      | Paralysed by Ijyb for 5 turns
  1942 | D:3      | Found a blossoming altar of Fedhas.
  1951 | D:3      | Reached XP level 4. HP: 32/40 MP: 5/5
  2009 | D:3      | Killed Ijyb
  2010 | D:3      | Reached skill level 1 in Axes
  2020 | D:3      | Reached skill level 1 in Evocations
  2338 | D:3      | Reached XP level 5. HP: 48/48 MP: 6/6
  2597 | D:4      | Reached skill level 2 in Axes
  2919 | D:4      | Reached XP level 6. HP: 14/55 MP: 7/7
  3166 | D:4      | Reached * piety under Okawaru
  3167 | D:4      | Reached skill level 3 in Axes
  3397 | D:4      | Reached XP level 7. HP: 61/64 MP: 8/8
  4116 | D:5      | Entered Level 5 of the Dungeon
  4171 | D:5      | Reached skill level 4 in Axes
  4177 | D:5      | Found a glowing drain.
  4261 | Sewer    | Entered a sewer
  4987 | D:5      | Found a radiant altar of Vehumet.
  5003 | D:5      | Noticed Edmund
  5008 | D:5      | Reached skill level 5 in Fighting
  5008 | D:5      | Reached XP level 8. HP: 28/72 MP: 9/9
  5163 | D:5      | Reached ** piety under Okawaru
  5215 | D:5      | Reached skill level 5 in Axes
  5363 | D:5      | Killed Edmund
  5605 | D:5      | Found a runed translucent door.
  5606 | D:5      | Noticed Crazy Yiuf
  5614 | D:5      | Killed Crazy Yiuf
  5703 | D:6      | You fall into a shaft and drop 3 floors!
  5703 | D:9      | Found a staircase to the Orcish Mines.
  5734 | D:9      | Reached skill level 6 in Axes
  5734 | D:9      | Reached skill level 5 in Evocations
  5872 | D:9      | Noticed an elephant
  5887 | D:9      | Reached XP level 9. HP: 56/80 MP: 7/10
  5906 | D:9      | Killed an elephant
  5907 | D:9      | Reached skill level 7 in Axes
  5915 | D:9      | Reached *** piety under Okawaru
  6080 | D:9      | Found a staircase to the Lair.
  6126 | D:7      | Slain by a wight

Illustrated notes

Levels and vault maps discovered:
D:1:      heliophobic_arrival_henge, layout_loops_corners
D:2:      minmay_roachtagon, layout_rooms, serial_shops,
          nicolae_shop_bloodbath_and_beyond, basic_altar,
          chequers_serial_rivers_small_a
D:3:      layout_rooms, fedhas_altar_1, uniq_ijyb
D:4:      wad_lake_hut, layout_basic, minmay_increasing_density
D:5:      layout_gridville, mainiacjoe_overflow_small_starburst,
          gup_sewer_entry_bowl, minmay_statues_item, uniq_edmund,
          uniq_crazy_yiuf_cottage
D:6:      minmay_klotski, layout_basic, ebering_ghost_sewer_f,
          kennysheep_generic_room_14
D:7:      layout_loops_ring, elyvilon_altar_4, kennysheep_mini,
          minmay_temple_entry_poolview, uniq_maggie
D:8:      nzn_winding_woodlands_stair_cross [nzn_winding_woodlands_5x15_pockets,
          nzn_winding_woodlands_center_pierced_h,
          nzn_winding_woodlands_5x15_pool, nzn_winding_woodlands_5x5_default,
          nzn_winding_woodlands_5x5_perimeter,
          nzn_winding_woodlands_5x15_default,
          nzn_winding_woodlands_center_garden,
          nzn_winding_woodlands_5x15_cabin], layout_cave_pools,
          mainiacjoe_overflow_tiny_flanked, nemelex_xobeh_ov_fountains_minmay,
          minmay_crystal_water, uniq_erica, uniq_amaemon
D:9:      layout_roguey, david_lair_generic, david_orc_4, minivault_27

Skill      XL: |  1  2  3  4  5  6  7  8  9 |
---------------+----------------------------+-----
Throwing       | 2 |  2.5
Fighting       | 3 4 5 6 |  6.8
Stealth        | 4 |  4.5
Axes           | 1 2 3 4 6 7 |  7.7
Evocations     | 1 2 3 5 |  5.0
Armour         | |  1.2
Spellcasting   | |  1.0

Action                   |  1- 3 |  4- 6 |  7- 9 || total
-------------------------+-------+-------+-------++-------
Melee: Dagger            |     4 |       |       ||     4
       Spear             |     4 |       |       ||     4
       Short sword       |     2 |       |       ||     2
       Mace              |    67 |       |       ||    67
       Tailslap          |     9 |    17 |    36 ||    62
       Hand axe          |    44 |   145 |   256 ||   445
       War axe           |     8 |       |       ||     8
       Punch             |     1 |     2 |     5 ||     8
       Flail             |       |       |    10 ||    10
Throw: Boomerang         |     4 |    14 |    13 ||    31
       Dart              |     3 |     2 |     4 ||     9
Invok: Heroism           |       |       |     3 ||     3
Evoke: Wand              |       |     5 |     2 ||     7
  Use: Scroll            |     2 |     5 |     4 ||    11
       Potion            |       |     2 |     8 ||    10
 Stab: Sleeping          |     7 |     2 |     1 ||    10
       Paralysed         |       |     1 |    18 ||    19
       Invisible         |       |       |     1 ||     1
Armor: Leather armour    |     1 |    54 |    98 ||   153
       Chain mail        |   167 |     6 |       ||   173
Dodge: Dodged            |    36 |    65 |   117 ||   218

Table legend: (Time is in decaauts)
 A = Elapsed time spent in this place.
 B = Non-inter-level travel time spent in this place.
 C = Inter-level travel time spent in this place.
 D = Time resting spent in this place.
 E = Time spent auto-exploring this place.
 F = Levels seen in this place.
 G = Mean time per level.
                   A        B        C        D        E       F      G
               +--------+--------+--------+--------+--------+-----+--------+
         Total |   6201 |   5836 |    365 |   1393 |   2402 |  10 |  620.1 |
       Dungeon |   6037 |   5672 |    365 |   1341 |   2375 |   9 |  670.8 |
         Sewer |    164 |    164 |      0 |     52 |     27 |   1 |  164.0 |
               +--------+--------+--------+--------+--------+-----+--------+

Top non-repeatable levels by time:
     D:4: 1914 daAuts
     D:2: 1119 daAuts
     D:5: 1031 daAuts
     D:1: 866 daAuts
     D:3: 647 daAuts
     D:9: 401 daAuts
   Sewer: 164 daAuts
     D:6: 33 daAuts
     D:8: 10 daAuts
     D:7: 10 daAuts
